[Event "37th ECCC 2022"]
[Site "Mayrhofen"]
[Date "2022.10.06"]
[Round "4.58"]
[White "Georgiadis, Ioannis"]
[Black "Cederstam, Carl"]
[Result "1/2-1/2"]
[ECO "B13"]
[WhiteElo "2467"]
[BlackElo "2337"]
[Annotator "TA"]
[PlyCount "61"]
[EventDate "2022.10.03"]
[EventType "team-tourn"]
[EventCountry "AUT"]
[SourceTitle "playchess.com"]
[Source "ChessBase"]
[SourceQuality "1"]
[TimeControl "40/5400+30:1800+30"]

1. e4 c6 2. d4 d5 3. exd5 cxd5 4. Bd3 Nc6 5. c3 Qc7 6. Na3 {[%emt 0:00:19] B13: Caro-Kann: Exchange Variation and Panov-Botvinnik Attack.} e5 7. Nb5 {[%emt 0:10:01] [#]} Qe7 $146 {[%emt 0:00:13] [#]} (7... Qb8 $14) ({Predecessor:} 7... Qb8 8. dxe5 Nxe5 9. Ne2 a6 10. Nbd4 Nf6 11. Bf4 Bd6 12. Bxe5 Bxe5 13. Qd2 O-O {1-0 (36) Jakubowski,K (2475)-Gschnitzer,A (2435) Chess.com INT 2022}) 8. dxe5 $1 $16 {[%emt 0:03:29] White is better.} Nxe5 9. Ne2 ({White should try} 9. Be2 $16) 9... a6 $14 10. Nbd4 Nf6 11. O-O {[%emt 0:02:42] aiming for Re1.} g6 12. Re1 {[%emt 0:17:21] [#] Ng3 is the strong threat.} Nxd3 13. Qxd3 {[%emt 0:00:14] Black must now prevent Bg5.} Bg7 $1 14. Qe3 Qxe3 15. Bxe3 O-O 16. Rad1 Bd7 17. Nf4 Rfe8 18. Nb3 {[%emt 0:05:13][%cal Bd4b3,Bb3c5,Bc5d3][%mdl 32] Pair of Knights!} Bc6 19. Bd4 a5 (19... Rxe1+ $14 20. Rxe1 Re8 21. Rxe8+ Nxe8) 20. f3 {[%emt 0:02:31] White is much more active.} ({Better is} 20. Rxe8+ $16 Nxe8 21. Bxg7 Kxg7 22. Nxd5) 20... a4 21. Nc5 Bh6 22. Ncd3 Nd7 23. Kf2 f6 24. Be3 Kf7 25. g3 Ne5 26. Nxe5+ Rxe5 27. Ng2 (27. Nd3 $5 Bxe3+ 28. Rxe3 Rxe3 29. Kxe3 $11) 27... Bf8 {[%emt 0:00:27] The position is equal.} 28. Bd4 Rxe1 29. Rxe1 Bd6 30. Nf4 Bxf4 31. gxf4 {[%emt 0:00:06] Weighted Error Value: White=0.14 (very precise) /Black=0.10 (very precise)} 1/2-1/2

[Event "37th ECCC 2022"]
[Site "Mayrhofen"]
[Date "2022.10.06"]
[Round "4.59"]
[White "Renman, Nils-Gustaf"]
[Black "Cvitan, Ognjen"]
[Result "0-1"]
[ECO "D33"]
[WhiteElo "2329"]
[BlackElo "2446"]
[Annotator "TA"]
[PlyCount "70"]
[EventDate "2022.10.03"]
[EventType "team-tourn"]
[EventCountry "AUT"]
[SourceTitle "playchess.com"]
[Source "ChessBase"]
[SourceQuality "1"]
[TimeControl "40/5400+30:1800+30"]

1. d4 Nf6 2. c4 e6 3. Nf3 d5 4. Nc3 c5 5. cxd5 exd5 6. g3 Nc6 7. Bg2 cxd4 8. Nxd4 Bc5 9. Nb3 Bb6 {[%emt 0:00:41] D33: Tarrasch Defence: 6 g3 sidelines.} 10. O-O ({Much worse is} 10. Bxd5 Nb4 11. Bf3 Qxd1+ 12. Kxd1 Ng4 13. Bxg4 Bxg4 $11) 10... d4 11. Na4 O-O {[%emt 0:00:18] White is slightly better.} 12. Bg5 Re8 13. Re1 h6 14. Bxc6 {[%emt 0:04:28] 14.Bxf6 is a critical line.} bxc6 15. Bxf6 Qxf6 16. Nxb6 axb6 17. Qxd4 Qd8 18. a3 Ba6 {[%emt 0:17:04] [#]} 19. e3 $146 ({Predecessor:} 19. Qc3 c5 20. Rad1 Qc7 21. e4 Rad8 22. f3 Rd7 23. Rxd7 Qxd7 24. Nd2 Rd8 25. Nc4 {½-½ (78) Dardha,D (2552)-Moroni,L (2584) Montesilvano 2022}) 19... Qc7 20. Rad1 c5 21. Qd6 Qb7 22. Nd2 {[%emt 0:06:55] Prevents Qe4.} (22. Nc1 $11) 22... Rad8 $15 23. Qf4 Qd7 24. Qf3 Qb5 $36 {[%emt 0:04:32][%mdl 2048] Black is more active.} 25. Ne4 (25. b4 $11 {and White is okay.}) 25... Rxd1 $1 $19 26. Rxd1 Qxb2 (26... Qc6 $1 $17 27. Rd5 Bb7) 27. Nd6 $15 Rf8 {[%emt 0:00:14] White must now prevent ...Be2.} 28. Qd5 Be2 ({Black should try} 28... Qxa3 $17 29. Nf5 Qa4) 29. Re1 {[%emt 0:00:37] [#]} (29. Qd2 $11 Qxd2 30. Rxd2) 29... Bg4 $1 $17 30. Kg2 $2 (30. Qe4 $17 Qc3 31. Rb1) 30... Be6 $19 (30... Qxa3 31. Rb1 $17) 31. Qd3 Rd8 {[%emt 0:00:20] ...Qf6 is the strong threat.} 32. e4 {[%emt 0:02:00] [#]} Qe5 $2 (32... Rd7 $1 $19 {[%cal Oc5c4] Strongly threatening ...c4!} 33. e5 c4) 33. Rd1 $2 (33. Nxf7 $1 $11 Bh3+ 34. Kg1 Rxd3 35. Nxe5 Rxa3 36. f4) 33... c4 34. Qd2 c3 35. f4 (35. Qc2 $142 Rxd6 36. Rxd6 Qxd6 37. Qxc3) 35... Qc5 {Weighted Error Value: White=0.73/Black=0.21 (precise)} ({Worse is} 35... cxd2 36. fxe5 Ra8 37. Rxd2 $11) (35... Qh5 $142 36. Qe1 c2) 0-1

[Event "37th ECCC 2022"]
[Site "Mayrhofen"]
[Date "2022.10.06"]
[Round "4.60"]
[White "Haag, Gregor"]
[Black "Tuomainen, Felix"]
[Result "1/2-1/2"]
[ECO "A58"]
[WhiteElo "2316"]
[BlackElo "2222"]
[Annotator "TA"]
[PlyCount "62"]
[EventDate "2022.10.03"]
[EventType "team-tourn"]
[EventCountry "AUT"]
[SourceTitle "playchess.com"]
[Source "ChessBase"]
[SourceQuality "1"]
[TimeControl "40/5400+30:1800+30"]

1. d4 Nf6 2. c4 c5 3. d5 b5 4. cxb5 a6 5. bxa6 g6 6. Nc3 Bxa6 7. Nf3 Bg7 8. g3 d6 9. Bg2 Nbd7 10. Rb1 Nb6 {[%emt 0:02:11] A58: Benko/Volga Gambit: Lines with 5 bxa6.} 11. b3 {[%emt 0:08:43] Prevents Bc4.} Bb7 12. e4 Ba6 $1 {[%emt 0:01:32] The position is equal.} 13. Bf1 Bxf1 14. Kxf1 O-O {[%emt 0:01:45] [#]} 15. Kg2 $146 ({Predecessor:} 15. Bd2 Qc8 16. Kg2 Qa6 17. Re1 Rfb8 18. Qc2 Nfd7 19. Re2 Qa3 20. Bg5 Qb4 21. Rc1 {0-1 (41) Lundin,J (2341)-Savage,B (2308) Coulsdon 2008}) 15... Ng4 16. Bb2 Bxc3 {[%emt 0:02:51][%mdl 64] [#] Remove Defender} 17. Bxc3 {[%emt 0:00:09] Hoping for a4.} Rxa2 18. Rb2 Rxb2 19. Bxb2 Qd7 20. h3 Nf6 21. Qd3 Rb8 22. Rd1 Qb7 23. e5 (23. Nd2 $11) 23... Nfxd5 $15 24. exd6 exd6 25. Qe4 Qc6 $1 26. Kg1 Re8 27. Qh4 (27. Qd3 $142) 27... f6 (27... h5 $6 28. Qg5 Kh7 29. Nh4 $11) 28. Ra1 (28. Bxf6 $2 Rf8 29. Be5 dxe5 $19) (28. Nd2 $17 {was worth a try.}) 28... Nd7 {[%emt 0:02:02] Pair of Knights!} (28... Qb7 $19 29. b4 (29. Bxf6 $2 Qf7 $19) 29... cxb4) 29. Qc4 $17 {[%emt 0:01:22] [#] Inhibits Re2. aiming for Ra6.} N7b6 (29... Qb7 $17 30. Nd2 Re6) 30. Qh4 $1 $19 Nd7 (30... Qb7 $19 31. b4 (31. Bxf6 $2 Qf7 $19) 31... cxb4) 31. Qc4 $1 $17 {[%emt 0:00:18] Strongly threatening Ra6.} ({Much weaker is} 31. Ra7 N5b6 32. Kg2 Re4 $17) 31... N7b6 {[%emt 0:03:18] Weighted Error Value: White=0.15 (very precise) /Black=0.20 (precise)} (31... Qb7 $17 32. Nd2 Re6) 1/2-1/2

[Event "37th ECCC 2022"]
[Site "Mayrhofen"]
[Date "2022.10.06"]
[Round "4.61"]
[White "Vandenbussche, Thibaut"]
[Black "Heberla, Bartlomiej"]
[Result "1/2-1/2"]
[ECO "B30"]
[WhiteElo "2418"]
[BlackElo "2562"]
[Annotator "TA"]
[PlyCount "101"]
[EventDate "2022.10.03"]
[EventType "team-tourn"]
[EventCountry "AUT"]
[SourceTitle "playchess.com"]
[Source "ChessBase"]
[SourceQuality "1"]
[TimeControl "40/5400+30:1800+30"]

1. e4 c5 2. Nf3 Nc6 3. Bb5 e5 4. O-O Bd6 5. Bc4 Nf6 {[%emt 0:00:25] [#]} 6. d3 $146 {[%emt 0:01:09] B30: Sicilian: 2...Nc6 3 Bb5, lines without ...g6.} ({Predecessor:} 6. Re1 O-O 7. d3 Be7 8. c3 d6 9. h3 Na5 10. Bb5 a6 11. Ba4 b5 12. Bc2 Bb7 13. d4 exd4 14. cxd4 d5 15. e5 Ne4 16. Nbd2 Nxd2 17. Qxd2 c4 18. Qf4 Bc8 19. Qg3 Kh8 20. Bf4 h6 21. e6 Nc6 22. exf7 g5 23. Bc7 Qd7 24. Ne5 Bd6 25. Bxd6 {1-0 (25) Wilks,S (2071)-Finn,P (1895) London 2019}) 6... O-O 7. Nc3 Be7 8. h3 {[%emt 0:08:23] White has an edge.} d6 9. Bg5 Nd7 10. Be3 Nb6 11. Nd5 Kh8 12. Nxb6 Qxb6 13. Bg5 f6 14. Bd2 f5 15. Ng5 Bxg5 16. Bxg5 f4 17. Qh5 Bd7 18. c3 Be8 19. Qh4 Bf7 $36 {[%emt 0:09:24][%mdl 2048] White should prevent ...Bxc4. White is under pressure.} 20. Rfd1 (20. Rfb1 $11 {remains equal.}) 20... Rae8 (20... Qxb2 21. Be7 $15) (20... Bxc4 $17 21. dxc4 Qxb2) 21. Bd5 Bxd5 22. exd5 Nb8 23. d4 {[%emt 0:06:07] [#]} Nd7 $1 ({But not} 23... Qxb2 24. Be7 Rf7 25. Bxd6 exd4 26. cxd4 $16) (23... cxd4 $6 24. cxd4 exd4 25. Bxf4 $11) 24. Re1 cxd4 25. cxd4 Qxd4 26. Be7 Rf7 ({Much less strong is} 26... Qxb2 27. Bxf8 Nxf8 28. Rab1 Qxa2 29. Rxb7 Qxd5 30. Rxa7 $16) 27. Bxd6 Qxd5 28. Rad1 Qe6 29. Qg4 {[%emt 0:06:09] [#]} (29. f3 $15) 29... Rf5 $1 $17 30. Qf3 e4 ({Reject} 30... Qxa2 $6 31. b3 Qa6 32. g4 $11) 31. Qb3 Qxb3 32. axb3 Nf6 33. Rd4 Rd8 (33... Kg8 $17 34. Rb4 b5) 34. Be5 Rxd4 35. Bxd4 $15 {[%emt 0:00:01][%mdl 4096] Endgame KRB-KRN} Rb5 36. Bxa7 b6 37. Rc1 g5 38. Rc6 {[%emt 0:00:51][%csl LRb6,LRf6] The position is equal.} Nd5 39. Re6 Ra5 40. Bxb6 Ra1+ 41. Kh2 {[%emt 0:01:45] Strongly threatening Bd4+.} Nxb6 42. Rxb6 $11 {[%emt 0:00:08] KR-KR} Rf1 43. Re6 Rxf2 {[%emt 0:00:03] ...e3 is the strong threat.} 44. Rxe4 Kg7 45. Kg1 Rxb2 46. g3 fxg3 {[%emt 0:06:36] White must now prevent ...h5.} 47. Re3 g2 48. Rg3 Kh6 49. h4 gxh4 50. Rxg2 Rxb3 51. Kh2 {[%emt 0:00:51] Weighted Error Value: White=0.11 (very precise) /Black=0.07 (flawless)} 1/2-1/2

[Event "37th ECCC 2022"]
[Site "Mayrhofen"]
[Date "2022.10.06"]
[Round "4.62"]
[White "Neugebauer, Martin"]
[Black "Decoster, Frederic"]
[Result "1-0"]
[ECO "C54"]
[WhiteElo "2517"]
[BlackElo "2314"]
[Annotator "TA"]
[PlyCount "65"]
[EventDate "2022.10.03"]
[EventType "team-tourn"]
[EventCountry "AUT"]
[SourceTitle "playchess.com"]
[Source "ChessBase"]
[SourceQuality "1"]
[TimeControl "40/5400+30:1800+30"]

1. e4 e5 2. Nf3 Nc6 3. Bc4 Bc5 4. c3 Nf6 5. d3 d6 6. O-O a5 {[%emt 0:00:15] C54: Giuoco Piano: 4 c3 Nf6, main lines with 5 d4 and 5 d3.} 7. Re1 O-O 8. Bb3 Ng4 {[%emt 0:17:12] The position is equal.} 9. Re2 {[%emt 0:06:53] [#]} Ba7 $146 ({Predecessor:} 9... Nf6 10. h3 h6 11. Nbd2 Nh7 12. Nf1 Qf6 13. N1h2 Qg6 14. Kh1 Qf6 15. a4 Bb6 {½-½ (54) Hofer,R (2391)-Eldridge,M (2382) ICCF email 2017}) 10. Nbd2 Be6 11. Nf1 Bxb3 12. Qxb3 a4 13. Qc2 (13. Qxb7 $2 Qd7 14. h3 Nf6 $19) 13... h6 {[%emt 0:07:27] Inhibits Bg5.} 14. h3 Nf6 15. Be3 Bxe3 16. Nxe3 Re8 17. Nf5 Kh7 18. d4 g6 19. Ng3 Kg7 20. Rd1 Qb8 21. Qd2 Qa7 22. Nh4 Ne7 {[%emt 0:08:44] Prevents Nhf5+.} 23. f4 Qa5 24. fxe5 dxe5 25. Rf1 Ra6 26. Ref2 exd4 $1 27. Qxd4 Qb6 {[%emt 0:02:29] [#]} (27... Rd6 $1 $11 {keeps the balance.} 28. Qe3 (28. Rxf6 $2 Rxd4 29. Rxf7+ Kg8 $19) (28. Qc4 Rc6 $11) 28... Qe5) 28. e5 $1 $36 {[%emt 0:01:24][%cal Be4e5,Be5f6][%mdl 2080] White is really pushing. White has more active pieces.} ({But not} 28. Qc4 $6 Nc6 $11) 28... Qxd4 29. cxd4 Nfg8 {[%emt 0:01:02][%mdl 8192] Black cannot hold the game after this.} (29... Nfd5 $16) 30. Rxf7+ $18 Kh8 31. Ne4 {[%emt 0:00:33] White is clearly winning.} g5 32. Nf6 Nxf6 33. exf6 {[%emt 0:00:05] Weighted Error Value: White=0.05 (flawless) /Black=0.32} ({Not} 33. Rxe7 Rxe7 34. Ng6+ Kg7 35. Nxe7 (35. exf6+ Kxg6 36. fxe7 Re6 $11) 35... Nd7 $18) 1-0

[Event "37th ECCC 2022"]
[Site "Mayrhofen"]
[Date "2022.10.06"]
[Round "4.63"]
[White "Meulders, Richard"]
[Black "Polak, Tomas"]
[Result "0-1"]
[ECO "A45"]
[WhiteElo "2220"]
[BlackElo "2502"]
[Annotator "TA"]
[PlyCount "60"]
[EventDate "2022.10.03"]
[EventType "team-tourn"]
[EventCountry "AUT"]
[SourceTitle "playchess.com"]
[Source "ChessBase"]
[SourceQuality "1"]
[TimeControl "40/5400+30:1800+30"]

1. d4 Nf6 2. Bg5 e6 3. e4 h6 4. Bxf6 Qxf6 5. Nf3 d6 6. Nc3 Nd7 7. Qd2 a6 8. O-O-O Qe7 {[%emt 0:06:07] A46: 1 d4 Nf6 2 Nf3 e6: Torre, London and Colle Systems.} 9. h4 g6 10. Re1 Bg7 {[%emt 0:03:54] Black is slightly better.} 11. Nd5 Qd8 {[%emt 0:00:10] [#]} (11... exd5 12. exd5 Ne5 13. dxe5 $11) 12. Nf4 $146 ({Predecessor:} 12. Ne3 b5 13. Bd3 c5 14. c3 Bb7 15. d5 e5 16. h5 c4 17. Bc2 Bf6 18. hxg6 fxg6 {1-0 (36) Kogan,A (2544)-Kveinys,A (2545) Puhajarve 2017}) 12... c5 13. dxc5 Nxc5 14. e5 O-O 15. Bd3 (15. Qxd6 $15 Qxd6 16. exd6) 15... dxe5 $17 16. Nxe5 Qd4 17. Qe3 (17. c3 Qd6 18. Bxg6 Qxd2+ 19. Kxd2 fxg6 20. Nexg6 Rf6 $19) 17... Rd8 ({Don't play} 17... Qb4 $6 18. c3 Qb6 19. Bc2 $11) 18. g3 b5 ({Reject} 18... Qb4 $6 19. c3 Nxd3+ 20. Nfxd3 $11) 19. Qxd4 Rxd4 20. c3 $2 {[%emt 0:04:00][%mdl 8192] [#] Loses the game.} (20. Re3 $17 {is more resistant.}) 20... Rxf4 $1 $19 {[%emt 0:01:28][%mdl 512] Black is clearly winning.} 21. gxf4 Bxe5 22. Bc2 Bxf4+ 23. Kb1 Bb7 24. Rhg1 Bf3 25. Bd1 Bd5 26. Bc2 Kg7 27. b4 (27. Rg4 $142 e5 28. Rgg1) 27... Na4 28. Bxa4 bxa4 29. Kb2 Bf3 {[%emt 0:00:55] Against Rg4} 30. Ka3 Rc8 {[%emt 0:00:53] Weighted Error Value: White=0.56/Black=0.09 (flawless)} 0-1

[Event "37th ECCC 2022"]
[Site "Mayrhofen"]
[Date "2022.10.06"]
[Round "4.64"]
[White "Kusa, Jakub"]
[Black "Maenhout, Thibaut"]
[Result "1-0"]
[ECO "A57"]
[WhiteElo "2360"]
[BlackElo "2397"]
[Annotator "TA"]
[PlyCount "59"]
[EventDate "2022.10.03"]
[EventType "team-tourn"]
[EventCountry "AUT"]
[SourceTitle "playchess.com"]
[Source "ChessBase"]
[SourceQuality "1"]
[TimeControl "40/5400+30:1800+30"]

1. d4 Nf6 2. c4 c5 3. d5 b5 4. cxb5 a6 5. b6 e6 6. Nc3 Nxd5 7. Nxd5 exd5 8. Qxd5 Nc6 9. Nf3 Rb8 10. e4 Be7 11. Bc4 O-O 12. Qh5 {[%emt 0:00:28] A57: Benko/Volga Gambit.} Qe8 13. O-O {[%emt 0:05:26] [#]} d6 $146 ({Predecessor:} 13... Rxb6 14. e5 Bb7 15. Bd2 Nd4 16. Nxd4 cxd4 17. Bd3 g6 18. Qg4 d6 19. Rfe1 dxe5 20. Rxe5 {1-0 (40) Kononenko,T (2343)-Borisova,E (2156) St Petersburg 2003}) 14. Bf4 {[%emt 0:06:47] White is slightly better.} Be6 15. b3 ({Much worse is} 15. Bxa6 Rxb6 16. Be2 (16. Bd3 c4 $15) 16... Rxb2 $17) 15... Rxb6 16. Rad1 Bxc4 17. bxc4 Na5 18. Qd5 Qa4 19. Rc1 Nc6 20. Qd2 ({Don't play} 20. Bxd6 Nb4 21. Bxe7 Nxd5 22. Bxf8 Nf4 23. Bxc5 Ne2+ 24. Kh1 Nxc1 25. Bxb6 Qxc4 $17) 20... Rd8 21. Rfd1 Bf8 22. h3 Nb4 23. Rb1 Re8 24. Re1 $1 h6 25. Re3 Nd5 26. Reb3 $14 Nxf4 {[%emt 0:05:29] [#] Loses the game.} (26... Nb4 $16) 27. Rxb6 $18 Rxe4 28. Rb8 Qxc4 $2 (28... Ne6 29. Qxd6 Qc2 30. Qxa6 Rxc4) 29. Qxd6 $1 Ne6 30. Nd2 {[%emt 0:01:05][%csl LRc4,LRe4] Weighted Error Value: White=0.08 (flawless) /Black=0.44} 1-0

[Event "37th ECCC 2022"]
[Site "Mayrhofen"]
[Date "2022.10.06"]
[Round "4.65"]
[White "Boucquet, Emile"]
[Black "Roubalik, Jakub"]
[Result "0-1"]
[ECO "C84"]
[WhiteElo "2182"]
[BlackElo "2372"]
[Annotator "TA"]
[PlyCount "102"]
[EventDate "2022.10.03"]
[EventType "team-tourn"]
[EventCountry "AUT"]
[SourceTitle "playchess.com"]
[Source "ChessBase"]
[SourceQuality "1"]
[TimeControl "40/5400+30:1800+30"]

1. e4 {[%emt 0:00:01] CB} e5 2. Nf3 Nc6 3. Bb5 a6 4. Ba4 Nf6 5. O-O Be7 6. d3 b5 7. Bb3 d6 8. a3 O-O 9. Nc3 Na5 {[%emt 0:00:26] C77: Ruy Lopez: 3...a6 4 Ba4 Nf6, unusual lines.} 10. Ba2 Be6 11. b4 Bxa2 {[%emt 0:01:03] The position is equal.} 12. Rxa2 Nc6 13. Bg5 Qd7 14. Bxf6 Bxf6 15. Nd5 Bd8 16. a4 {[%emt 0:03:05] [#] Threatens to win with axb5.} (16. Ra1 {keeps more tension.} Nd4 17. a4 Nxf3+ 18. Qxf3 bxa4 19. Qf5) 16... Ne7 {[%emt 0:03:32] [#]} 17. Nxe7+ $146 ({Predecessor:} 17. Ne3 Rb8 18. axb5 axb5 19. c3 Qe6 20. Qb1 d5 21. exd5 Nxd5 22. Nxd5 Qxd5 23. Re1 {½-½ (34) Anand,V (2785)-Aronian,L (2804) Bilbao 2014 CBM 163 [CB]}) 17... Bxe7 18. Qa1 Qc6 19. Rc1 Qb7 20. Qc3 Bf6 21. axb5 axb5 22. Rca1 c6 23. Ra5 Rxa5 24. Rxa5 Bd8 25. Ra1 Bb6 26. Qa3 Rb8 27. Qa6 {[%emt 0:06:43] [#] And now Qxb7 would win.} Qc7 28. h3 g6 29. g3 c5 30. c3 {[%emt 0:02:52] This move loses the game for White.} (30. Qxb5 $15 cxb4 31. Qc4) 30... cxb4 $19 31. cxb4 Qc2 $1 32. Ra2 Qxd3 33. Kg2 Qxe4 34. Qxb5 Qb7 {[%emt 0:01:32] Against Qd7} 35. Re2 (35. h4 $142) 35... e4 36. Ng5 (36. Nh2) 36... d5 {[%emt 0:00:42] Hoping for ...h6.} 37. Rc2 (37. Rd2 {is a better defense.} h6 38. Nxf7 Qxf7 39. Qxd5) 37... h6 38. Rc6 hxg5 39. Qxd5 Kh7 40. Qxe4 Qd7 41. Qf3 (41. h4 $142 gxh4 42. Qxh4+ Kg8 43. Qe4) 41... Bd4 42. Rc4 Kg7 43. Qe4 Bf6 44. Qf3 Rh8 45. Rg4 Rc8 {[%emt 0:01:00] aiming for ...Rc3.} 46. Qe4 Qd2 47. h4 Rc2 48. Qf3 Bd4 49. Rxg5 Bxf2 {[%emt 0:02:51] Black mates.} 50. Kh3 Be3 51. Rg4 Qh2# {[%emt 0:00:06] Weighted Error Value: White=0.53/Black=0.13 (very precise)} 0-1

[Event "37th ECCC 2022"]
[Site "Mayrhofen"]
[Date "2022.10.06"]
[Round "4.66"]
[White "Nemec, Jachym"]
[Black "Geirnaert, Steven"]
[Result "1/2-1/2"]
[ECO "E12"]
[WhiteElo "2345"]
[BlackElo "2399"]
[Annotator "TA"]
[PlyCount "102"]
[EventDate "2022.10.03"]
[EventType "team-tourn"]
[EventCountry "AUT"]
[SourceTitle "playchess.com"]
[Source "ChessBase"]
[SourceQuality "1"]
[TimeControl "40/5400+30:1800+30"]

1. d4 Nf6 2. c4 e6 3. Nf3 b6 4. a3 Bb7 5. Nc3 Ne4 6. Nxe4 Bxe4 7. Nd2 Bg6 8. g3 Nc6 {[%emt 0:00:17] E12: Queen's Indian: Unusual White 4th moves, 4 a3, 4 Nc3 Bb7 5 a3 and 4 Nc3 Bb7 .} 9. e3 e5 10. d5 {[%emt 0:00:05] Threatens to win with h4.} Na5 {[%emt 0:00:09] White has an edge.} 11. Bg2 Bd6 12. b4 Nb7 {[%emt 0:00:04] [#]} 13. h4 $146 {[%emt 0:00:11] Threatening h5.} ({Predecessor:} 13. Bb2 O-O 14. O-O a5 15. Qb3 Qe7 16. Bc3 Ra7 17. e4 axb4 18. axb4 Rfa8 19. Rxa7 Rxa7 {1-0 (57) Korobov,A (2687)-Rapport,R (2736) Hengshui 2019}) 13... h6 14. e4 a5 15. c5 bxc5 16. b5 O-O 17. O-O f5 18. exf5 Bxf5 19. Re1 (19. Nc4 $14) 19... Qf6 20. Bb2 Bd3 21. f4 Qg6 (21... Bxb5 22. fxe5 Qf2+ 23. Kh2 $16) (21... c4 $5 22. Kh2 Qg6 23. fxe5 Bc5 $17) 22. fxe5 Qxg3 23. Nf3 $1 Bxb5 (23... Bxe5 $2 24. Rxe5 Bg6 25. Re7 $18) 24. exd6 Nxd6 25. Be5 (25. Kh1 Nc4 26. Bc3 Rf4 $15) 25... Qg4 26. Rc1 Ba4 27. Qd3 {[%emt 0:00:33] Really sharp!} Bb5 28. Qd1 ({Better is} 28. Qe3 $11) 28... Ba4 $1 $16 29. Qe2 Rae8 (29... Bb5 $16 {might work better.} 30. Qf2 (30. Qe3 Nc4 $11) 30... Nc4) 30. Rxc5 $18 Rf4 (30... Bb5 $2 31. Qe3) 31. Qf1 (31. Rxc7 $6 Nf7 $16) (31. Rxa5 Rc4 32. Qf2 Qg6 33. Bxd6 cxd6 $18) (31. Qd3 $142) 31... Re4 32. Rxe4 (32. Rxc7 R4xe5 33. Nxe5 (33. Rxe5 Rxe5 34. Nxe5 Qd4+ 35. Qf2 Qxe5 $16) 33... Rxe5 34. Rxe5 Qd4+ 35. Qf2 Qxe5 $16) 32... Qxe4 33. Bxd6 cxd6 34. Rc4 Qe3+ 35. Qf2 $1 Qxa3 36. Rg4 (36. Nd4 $16) 36... Bd1 $1 $11 37. Kh2 {[%emt 0:03:35][%cal Of2d4] And now Qd4! would win.} Qe3 38. Qb2 Re7 39. Qb8+ (39. Rg3 $5 Rf7 40. Ng5 $1 $14) 39... Re8 40. Qb2 Re7 41. Rg3 Qe4 $2 {[%emt 0:14:35][%mdl 8192] [#]} (41... Rf7 $14) 42. Qb8+ $2 (42. Rxg7+ $3 $18 Rxg7 43. Qb8+ Kf7 44. Ng5+ $1 Rxg5 45. Bxe4) 42... Re8 $16 43. Qxd6 ({Don't do} 43. Qb2 $6 Qe7 $14) 43... Bxf3 {[%emt 0:00:39] [#]} 44. Rxf3 ({White should try} 44. Qf6 $1 $16 Qe5 45. Qxe5 (45. Qxf3 a4 $16) 45... Rxe5 46. Bxf3 (46. Rxf3 Rxd5 47. Kg3 Rd4 $16)) 44... Qxh4+ $11 {[%emt 0:00:32] The position is equal.} 45. Rh3 Qg4 46. Bf3 Re2+ 47. Bxe2 Qxe2+ 48. Kg3 {[%emt 0:00:00] Black must now prevent Qb8+.} Qe3+ 49. Kg4 Qe2+ 50. Kg3 {[%emt 0:00:00] aiming for Qb8+.} Qe3+ 51. Kg4 Qe2+ {[%emt 0:00:10] Weighted Error Value: White=0.29 (precise) /Black=0.11 (very precise)} 1/2-1/2

[Event "37th ECCC 2022"]
[Site "Mayrhofen"]
[Date "2022.10.07"]
[Round "5.1"]
[White "Harikrishna, Pentala"]
[Black "Anand, Viswanathan"]
[Result "1-0"]
[ECO "E04"]
[WhiteElo "2717"]
[BlackElo "2756"]
[Annotator "TA"]
[PlyCount "103"]
[EventDate "2022.10.03"]
[EventType "team-tourn"]
[EventCountry "AUT"]
[SourceTitle "playchess.com"]
[Source "ChessBase"]
[SourceQuality "1"]
[TimeControl "40/5400+30:1800+30"]

1. d4 Nf6 2. c4 e6 3. Nf3 d5 4. g3 dxc4 5. Bg2 c5 6. O-O Nc6 7. Qa4 Bd7 8. Qxc4 b5 {[%emt 0:00:37] 8...b5 is better than 8...cxd4.} 9. Qc3 {[%emt 0:00:13] E04: Open Catalan: 5 Nf3.} b4 10. Qd3 Rc8 11. dxc5 {[%emt 0:01:06] The position is equal.} Bxc5 12. Nbd2 O-O 13. Nb3 Bb6 14. Be3 {[%emt 0:01:58] [#]} Ne7 $146 ({Predecessor:} 14... e5 15. Ng5 h6 16. Ne4 Bf5 17. Bxb6 axb6 18. Nxf6+ Qxf6 19. Qb5 Nd4 20. Nxd4 exd4 21. Qxb4 {0-1 (46) Shankland,S (2708)-Aronian,L (2782) Kolkata 2021}) 15. Ne5 Ba4 16. Qxd8 Rfxd8 17. Bxb6 axb6 18. Rfc1 Nd7 19. Rxc8 Rxc8 20. Nxd7 Bxd7 21. Rc1 e5 22. Rxc8+ Nxc8 $14 {[%emt 0:06:23][%mdl 4096] Endgame KBN-KBN} 23. Nc1 Nd6 24. Nd3 b3 25. axb3 f6 26. Bd5+ Kf8 27. e4 Ke7 28. f4 exf4 29. Nxf4 g5 30. Ne2 f5 31. e5 Ne8 {[%emt 0:06:26] [#]} ({Better is} 31... Nf7 $14) 32. Nd4 $18 Ng7 33. Kf2 h6 34. Ke3 Be8 35. Bc4 Bd7 36. b4 Bc8 37. Bd5 Bd7 38. Bb3 Kd8 39. Bc2 Ke7 40. Bd3 Kf7 41. b5 Ke7 (41... Be6 $142 42. b3 Ke7) 42. Nc6+ Ke8 43. Nb4 {[%emt 0:00:53] Black must now prevent Nd5.} Be6 44. Nc6 $2 {[%emt 0:03:37] [#]} (44. Kd4 $18) 44... Kd7 $2 (44... Bd7 $1 $11 {and Black stays safe.}) 45. Nd4 Ke7 46. Bc2 Bd7 (46... Kf7 $16 47. Bb1 Ke7) 47. Bb3 Kd8 48. Nc6+ Kc7 49. Bd5 Ne6 $2 (49... Nh5 {was necessary.} 50. Kf3 Ng7) 50. Bxe6 Bxe6 51. Nd4 Kd7 52. h4 {[%emt 0:01:31] Weighted Error Value: White=0.11 (very precise) /Black=0.31} 1-0